Capitals vs MapleLeafs

Created - November 3 2011 at 17:37

Goals
1 2 3 T
Capitals 1 1 1 3
MapleLeafs 3 1 0 4
Shots
1 2 3 T
Capitals 9 11 9 29
MapleLeafs 17 12 6 35

Period #1

1. MapleLeafs , Vincent Lecavalier 5 (Drew Doughty) at 0:06
2. MapleLeafs , Brian Gionta 8 (Kyle Cumiskey, Radek Martinek) at 0:39 (PP)
3. Capitals , David Desharnais 2 (Taylor Hall, Ryan McDonagh) at 7:21
4. MapleLeafs , Evgeni Malkin 7 (Patrick Marleau, Vincent Lecavalier) at 8:57 (PP)

Penalties :
Kimmo Timonen (WSH) for Tripping (Minor) at 0:33, Kimmo Timonen (WSH) for Holding (Minor) at 2:15, Alexander Ovechkin (WSH) for Holding (Minor) at 8:37, Douglas Murray (WSH) for Hooking (Minor) at 12:31, Ryane Clowe (WSH) for Tripping (Minor) at 16:09

Period #2

5. Capitals , Ryane Clowe 5 (Alexander Ovechkin) at 6:56
6. MapleLeafs , Kris Versteeg 4 (Radek Martinek, Drew Doughty) at 14:41 (PP)

Penalties :
Vincent Lecavalier (TOR) for Roughing (Minor) at 1:30, Matt Greene (TOR) for Close Hand On Puck (Minor) at 7:20, Evgeni Malkin (TOR) for Hooking (Minor) at 10:33, Trent Hunter (WSH) for Hooking (Minor) at 12:54, Travis Moen (TOR) for Tripping (Minor) at 14:42, Marc Methot (WSH) for Cross-checking (Minor) at 17:26

Period #3

7. Capitals , Jeff Halpern 3 (Taylor Hall, Marc Methot) at 18:04

Penalties :
Andreas Lilja (TOR) for Roughing (Minor) at 6:21, Alexander Ovechkin (WSH) for Holding Stick (Minor) at 7:45, Kimmo Timonen (WSH) for High sticking (Minor) at 11:37, Matt Greene (TOR) for Roughing (Minor) at 14:36, Ryane Clowe (WSH) for Hooking (Minor) at 14:38, Douglas Murray (WSH) for Tripping (Minor) at 19:51

Goalie Stats

Mike Smith (WSH), 7 saves from 7 shots - (1.000), 25:06 minutes
Jimmy Howard (WSH), 24 saves from 28 shots - (0.857), L, 10-5-0, 34:41 minutes
Ryan Miller (TOR), 26 saves from 29 shots - (0.897), W, 8-3-1, 60:00 minutes

Players Stats

Capitals
Player Name              G  A  P  +/- PIM S  H  SB FO    MP 
------------------------------------------------------------
Alexander Ovechkin       0  1  1   0  4   0  4  0  2/3   24 
Alexander Semin          0  0  0   1  0   5  3  1  2/4   19 
Alexei Kovalev           0  0  0   0  0   1  0  0  0/1   11 
David Desharnais         1  0  1   1  0   3  0  0  13/24 19 
Douglas Murray           0  0  0   1  4   0  3  1  0/0   21 
Jeff Halpern             1  0  1   1  0   3  0  0  13/28 18 
Kimmo Timonen            0  0  0   0  6   0  0  3  0/0   21 
Marc Methot              0  1  1   2  2   1  2  1  0/0   15 
Mathieu Perreault        0  0  0   0  0   0  0  0  0/0   0  
Matt Stajan              0  0  0   0  0   0  0  0  5/23  19 
Mike Green               0  0  0   0  0   3  3  4  0/0   20 
Ryan McDonagh            0  1  1   1  0   2  0  0  0/0   11 
Ryane Clowe              1  0  1   0  4   2  7  0  1/2   17 
Steve Eminger            0  0  0   0  0   0  1  1  0/0   6  
Taylor Hall              0  2  2   2  0   3  0  0  2/4   16 
Tomas Fleischmann        0  0  0   0  0   6  0  0  1/1   16 
Trent Hunter             0  0  0   1  2   0  2  1  0/0   11 
Willie Mitchell          0  0  0   0  0   0  0  2  0/0   22 
MapleLeafs
Player Name              G  A  P  +/- PIM S  H  SB FO    MP 
------------------------------------------------------------
Adam Hall                0  0  0  -1  0   0  0  0  9/14  15 
Andreas Lilja            0  0  0  -1  2   3  1  0  0/0   12 
Brian Gionta             1  0  1  -1  0   3  1  0  0/1   20 
Drew Doughty             0  2  2  -1  0   5  1  1  0/0   25 
Evgeni Malkin            1  0  1   0  2   1  3  1  0/1   15 
Greg Zanon               0  0  0   0  0   0  0  1  0/0   20 
John Mitchell            0  0  0   0  0   0  1  1  0/2   6  
Jordin Tootoo            0  0  0  -1  0   5  3  0  6/8   15 
Kris Versteeg            1  0  1  -1  0   2  2  0  2/3   19 
Kyle Cumiskey            0  1  1   0  0   0  0  0  0/0   21 
Matt Greene              0  0  0  -1  4   0  2  3  0/0   17 
Mike Grier               0  0  0  -1  0   0  1  1  0/1   14 
Patrick Marleau          0  1  1   0  0   2  0  0  1/3   20 
Patrik Elias             0  0  0  -1  0   3  0  0  11/16 18 
Radek Martinek           0  2  2  -1  0   2  0  1  0/0   17 
Travis Moen              0  0  0   0  2   1  0  0  0/1   6  
Vernon Fiddler           0  0  0   0  0   1  0  0  11/16 11 
Vincent Lecavalier       1  1  2   0  2   7  4  0  11/24 17 

3 Stars

1 - Vincent Lecavalier (TOR)
2 - Taylor Hall (WSH)
3 - David Desharnais (WSH)

Power Play

Capitals - 0 on 6 Attempt(s) - 0.00%
MapleLeafs - 3 on 11 Attempt(s) - 27.27%

Penalty Kill

Capitals - 8 on 11 Attempt(s) - 72.73% - Score 0 goal in Penalty Kill
MapleLeafs - 6 on 6 Attempt(s) - 100.00% - Score 0 goal in Penalty Kill

Game Notes

Mike Smith enters game at 14:41 of 2nd period

Finance

Level 1 -- Attendance: 5889 (90.60%) -- Ticket Income $482,898.00
Level 2 -- Attendance: 5000 (100.00%) -- Ticket Income $210,000.00
Level 3 -- Attendance: 3124 (89.26%) -- Ticket Income $90,596.00
Level 4 -- Attendance: 2749 (97.52%) -- Ticket Income $38,486.00
Luxury Box -- Attendance: 1000 (100.00%) -- Ticket Income $190,000.00
Game was played at the Air Canada Center
Total Attendance: 17762 (94.38%)
Total Ticket Income: $1,110,503.00
Other Income: $217,591.50
Total Income: $1,328,094.00


Play by Play

Period #1

0:01 of 1st period - Vincent Lecavalier wins face-off versus Matt Stajan in neutral zone.
0:03 of 1st period - Drew Doughty is hit by Mike Green and loses puck.
0:06 of 1st period - Shot by Vincent Lecavalier.
0:06 of 1st period - Goal by Vincent Lecavalier - Capitals : 0 - MapleLeafs : 1.
0:07 of 1st period - Jeff Halpern wins face-off versus Patrik Elias in neutral zone.
0:19 of 1st period - Shot by Patrik Elias.
0:19 of 1st period - Stopped by Jimmy Howard without a rebound.
0:20 of 1st period - Matt Stajan wins face-off versus Vincent Lecavalier in Capitals zone.
0:20 of 1st period - Matt Stajan is hit by Evgeni Malkin.
0:33 of 1st period - Minor Penalty to Kimmo Timonen for Tripping.
0:34 of 1st period - Jordin Tootoo wins face-off versus David Desharnais in Capitals zone.
0:37 of 1st period - Shot by Radek Martinek.
0:37 of 1st period - Shot Misses the Net.
0:39 of 1st period - Shot by Kyle Cumiskey.
0:39 of 1st period - Deflect By Brian Gionta.
0:39 of 1st period - Goal by Brian Gionta - Capitals : 0 - MapleLeafs : 2.
0:40 of 1st period - David Desharnais wins face-off versus John Mitchell in neutral zone.
0:58 of 1st period - Shot by Taylor Hall.
0:58 of 1st period - Shot Blocked by Greg Zanon.
1:00 of 1st period - Shot by Ryan McDonagh.
1:00 of 1st period - Shot Hit the Post.
1:02 of 1st period - Shot by Ryan McDonagh.
1:02 of 1st period - Shot Misses the Net.
1:04 of 1st period - Shot by Taylor Hall.
1:04 of 1st period - Stopped by Ryan Miller with a rebound.
1:06 of 1st period - Shot by Ryan McDonagh.
1:06 of 1st period - Shot Misses the Net.
1:08 of 1st period - Shot by Trent Hunter.
1:08 of 1st period - Shot Misses the Net.
1:12 of 1st period - Shot by Trent Hunter.
1:12 of 1st period - Shot Blocked by John Mitchell.
1:14 of 1st period - Shot by Ryan McDonagh.
1:14 of 1st period - Stopped by Ryan Miller without a rebound.
1:15 of 1st period - Patrik Elias wins face-off versus Matt Stajan in MapleLeafs zone.
1:15 of 1st period - Patrik Elias is hit by Ryane Clowe.
1:27 of 1st period - Shot by Brian Gionta.
1:27 of 1st period - Stopped by Jimmy Howard without a rebound.
1:28 of 1st period - Adam Hall wins face-off versus Jeff Halpern in Capitals zone.
1:42 of 1st period - Mike Grier is hit by Douglas Murray and loses puck.
2:01 of 1st period - Shot by Tomas Fleischmann.
2:01 of 1st period - Shot Blocked by Mike Grier.
2:03 of 1st period - Shot by Alexander Semin.
2:03 of 1st period - Stopped by Ryan Miller without a rebound.
2:04 of 1st period - Patrik Elias wins face-off versus Matt Stajan in MapleLeafs zone.
2:04 of 1st period - Patrik Elias is hit by Ryane Clowe.
2:15 of 1st period - Minor Penalty to Kimmo Timonen for Holding.
2:16 of 1st period - Vincent Lecavalier wins face-off versus Jeff Halpern in Capitals zone.
2:44 of 1st period - Shot by Drew Doughty.
2:44 of 1st period - Stopped by Jimmy Howard without a rebound.
2:45 of 1st period - Jordin Tootoo wins face-off versus David Desharnais in Capitals zone.
3:05 of 1st period - Off-side.
3:06 of 1st period - Vincent Lecavalier wins face-off versus Jeff Halpern in neutral zone.
3:10 of 1st period - Shot by Patrick Marleau.
3:10 of 1st period - Stopped by Jimmy Howard with a rebound.
3:12 of 1st period - Shot by Patrik Elias.
3:12 of 1st period - Shot Misses the Net.
3:14 of 1st period - Shot by Patrik Elias.
3:14 of 1st period - Stopped by Jimmy Howard without a rebound.
3:15 of 1st period - Jordin Tootoo wins face-off versus David Desharnais in Capitals zone.
3:32 of 1st period - Mike Green is hit by Jordin Tootoo and loses puck.
4:14 of 1st period - Shot by Alexander Semin.
4:14 of 1st period - Shot Misses the Net.
4:28 of 1st period - Shot by Vincent Lecavalier.
4:28 of 1st period - Stopped by Jimmy Howard without a rebound.
4:29 of 1st period - David Desharnais wins face-off versus John Mitchell in Capitals zone.
4:54 of 1st period - Shot by Travis Moen.
4:54 of 1st period - Stopped by Jimmy Howard without a rebound.
4:55 of 1st period - Vincent Lecavalier wins face-off versus Jeff Halpern in Capitals zone.
5:24 of 1st period - Shot by Vincent Lecavalier.
5:24 of 1st period - Stopped by Jimmy Howard without a rebound.
5:25 of 1st period - Adam Hall wins face-off versus Alexander Ovechkin in Capitals zone.
6:33 of 1st period - Icing by Matt Greene.
6:34 of 1st period - Patrik Elias wins face-off versus Jeff Halpern in MapleLeafs zone.
6:43 of 1st period - Shot by Alexander Semin.
6:43 of 1st period - Stopped by Ryan Miller without a rebound.
6:44 of 1st period - David Desharnais wins face-off versus Vincent Lecavalier in MapleLeafs zone.
7:01 of 1st period - Shot by Marc Methot.
7:01 of 1st period - Shot Misses the Net.
7:03 of 1st period - Shot by Marc Methot.
7:03 of 1st period - Shot Blocked by Drew Doughty.
7:15 of 1st period - Shot by Taylor Hall.
7:15 of 1st period - Stopped by Ryan Miller with a rebound.
7:19 of 1st period - Shot by Taylor Hall.
7:19 of 1st period - Shot Blocked by Evgeni Malkin.
7:21 of 1st period - Shot by David Desharnais.
7:21 of 1st period - Goal by David Desharnais - Capitals : 1 - MapleLeafs : 2.
7:22 of 1st period - Jeff Halpern wins face-off versus Patrik Elias in neutral zone.
7:34 of 1st period - Off-side.
7:35 of 1st period - Patrik Elias wins face-off versus Jeff Halpern in neutral zone.
8:37 of 1st period - Minor Penalty to Alexander Ovechkin for Holding.
8:38 of 1st period - Vincent Lecavalier wins face-off versus Ryane Clowe in Capitals zone.
8:55 of 1st period - Shot by Evgeni Malkin.
8:55 of 1st period - Shot Misses the Net.
8:57 of 1st period - Shot by Evgeni Malkin.
8:57 of 1st period - Goal by Evgeni Malkin - Capitals : 1 - MapleLeafs : 3.
8:58 of 1st period - Adam Hall wins face-off versus David Desharnais in neutral zone.
9:21 of 1st period - Shot by Jordin Tootoo.
9:21 of 1st period - Stopped by Jimmy Howard without a rebound.
9:22 of 1st period - Vernon Fiddler wins face-off versus Matt Stajan in Capitals zone.
9:50 of 1st period - Shot by Drew Doughty.
9:50 of 1st period - Shot Blocked by Steve Eminger.
9:52 of 1st period - Shot by Drew Doughty.
9:52 of 1st period - Stopped by Jimmy Howard without a rebound.
9:53 of 1st period - Adam Hall wins face-off versus Jeff Halpern in Capitals zone.
9:57 of 1st period - Adam Hall is hit by Douglas Murray and loses puck.
10:42 of 1st period - Off-side.
10:43 of 1st period - Patrik Elias wins face-off versus Taylor Hall in neutral zone.
11:04 of 1st period - Shot by Taylor Hall.
11:04 of 1st period - Deflect By David Desharnais.
11:04 of 1st period - Stopped by Ryan Miller without a rebound.
11:05 of 1st period - Vincent Lecavalier wins face-off versus Matt Stajan in MapleLeafs zone.
12:14 of 1st period - Shot by Taylor Hall.
12:14 of 1st period - Shot Misses the Net.
12:16 of 1st period - Shot by Marc Methot.
12:16 of 1st period - Stopped by Ryan Miller without a rebound.
12:17 of 1st period - Adam Hall wins face-off versus Jeff Halpern in MapleLeafs zone.
12:22 of 1st period - Shot by Jordin Tootoo.
12:22 of 1st period - Stopped by Jimmy Howard without a rebound.
12:23 of 1st period - Adam Hall wins face-off versus Jeff Halpern in Capitals zone.
12:31 of 1st period - Minor Penalty to Douglas Murray for Hooking.
12:32 of 1st period - Jordin Tootoo wins face-off versus David Desharnais in Capitals zone.
13:28 of 1st period - Icing by Vincent Lecavalier.
13:29 of 1st period - Jeff Halpern wins face-off versus Vincent Lecavalier in MapleLeafs zone.
13:32 of 1st period - Shot by Kimmo Timonen.
13:32 of 1st period - Shot Misses the Net.
14:41 of 1st period - Off-side.
14:42 of 1st period - David Desharnais wins face-off versus Mike Grier in neutral zone.
14:57 of 1st period - Shot by Jordin Tootoo.
14:57 of 1st period - Shot Misses the Net.
15:53 of 1st period - Douglas Murray is hit by Mike Grier and loses puck.
16:09 of 1st period - Minor Penalty to Ryane Clowe for Tripping.
16:10 of 1st period - Taylor Hall wins face-off versus Evgeni Malkin in Capitals zone.
16:10 of 1st period - Taylor Hall is hit by Vincent Lecavalier.
16:38 of 1st period - Shot by Vincent Lecavalier.
16:38 of 1st period - Stopped by Jimmy Howard without a rebound.
16:39 of 1st period - David Desharnais wins face-off versus Vincent Lecavalier in Capitals zone.
16:45 of 1st period - Icing by Patrick Marleau.
16:46 of 1st period - Jeff Halpern wins face-off versus Vincent Lecavalier in MapleLeafs zone.
17:05 of 1st period - Evgeni Malkin is hit by Alexander Semin and loses puck.
17:36 of 1st period - Kimmo Timonen is hit by Kris Versteeg.
17:53 of 1st period - Off-side.
17:54 of 1st period - Vernon Fiddler wins face-off versus Alexander Semin in neutral zone.
18:02 of 1st period - Shot by Vernon Fiddler.
18:02 of 1st period - Shot Blocked by Alexander Semin.
18:06 of 1st period - Shot by Vernon Fiddler.
18:06 of 1st period - Stopped by Jimmy Howard with a rebound.
18:10 of 1st period - Shot by Brian Gionta.
18:10 of 1st period - Shot Misses the Net.
18:58 of 1st period - Shot by David Desharnais.
18:58 of 1st period - Shot Misses the Net.
19:22 of 1st period - Shot by Radek Martinek.
19:22 of 1st period - Shot Blocked by Marc Methot.
19:26 of 1st period - Shot by Radek Martinek.
19:26 of 1st period - Stopped by Jimmy Howard without a rebound.
19:27 of 1st period - Jeff Halpern wins face-off versus Patrik Elias in Capitals zone.
19:27 of 1st period - Jeff Halpern is hit by Brian Gionta.
19:37 of 1st period - Shot by Tomas Fleischmann.
19:37 of 1st period - Stopped by Ryan Miller without a rebound.
19:38 of 1st period - Patrik Elias wins face-off versus Jeff Halpern in MapleLeafs zone.
19:59 of 1st period - Icing by Willie Mitchell.

Period #2

0:01 of 2nd period - Vincent Lecavalier wins face-off versus Matt Stajan in neutral zone.
0:03 of 2nd period - Drew Doughty is hit by Alexander Ovechkin and loses puck.
0:32 of 2nd period - Shot by Vincent Lecavalier.
0:32 of 2nd period - Deflect By Patrick Marleau.
0:32 of 2nd period - Stopped by Jimmy Howard without a rebound.
0:33 of 2nd period - Patrik Elias wins face-off versus Jeff Halpern in Capitals zone.
1:01 of 2nd period - Shot by Kris Versteeg.
1:01 of 2nd period - Stopped by Jimmy Howard without a rebound.
1:02 of 2nd period - David Desharnais wins face-off versus Adam Hall in Capitals zone.
1:02 of 2nd period - David Desharnais is hit by Jordin Tootoo.
1:17 of 2nd period - Icing by Andreas Lilja.
1:18 of 2nd period - Alexander Ovechkin wins face-off versus Adam Hall in MapleLeafs zone.
1:27 of 2nd period - Shot by Andreas Lilja.
1:27 of 2nd period - Stopped by Jimmy Howard without a rebound.
1:28 of 2nd period - Vincent Lecavalier wins face-off versus Matt Stajan in Capitals zone.
1:30 of 2nd period - Minor Penalty to Vincent Lecavalier for Roughing.
1:31 of 2nd period - Vernon Fiddler wins face-off versus David Desharnais in MapleLeafs zone.
1:31 of 2nd period - Vernon Fiddler is hit by Alexander Ovechkin.
2:11 of 2nd period - Shot by David Desharnais.
2:11 of 2nd period - Stopped by Ryan Miller without a rebound.
2:12 of 2nd period - Matt Stajan wins face-off versus Adam Hall in MapleLeafs zone.
3:10 of 2nd period - Alexander Ovechkin is hit by Matt Greene and loses puck.
3:15 of 2nd period - Shot by Mike Green.
3:15 of 2nd period - Shot Misses the Net.
3:17 of 2nd period - Shot by Alexander Ovechkin.
3:17 of 2nd period - Shot Misses the Net.
3:19 of 2nd period - Shot by Alexander Semin.
3:19 of 2nd period - Stopped by Ryan Miller with a rebound.
3:21 of 2nd period - Shot by Mike Green.
3:21 of 2nd period - Shot Misses the Net.
3:23 of 2nd period - Shot by Mike Green.
3:23 of 2nd period - Stopped by Ryan Miller with a rebound.
3:25 of 2nd period - Shot by Alexander Semin.
3:25 of 2nd period - Stopped by Ryan Miller with a rebound.
3:38 of 2nd period - Patrick Marleau is hit by Marc Methot and loses puck.
4:07 of 2nd period - Shot by Vincent Lecavalier.
4:07 of 2nd period - Stopped by Jimmy Howard without a rebound.
4:08 of 2nd period - Kris Versteeg wins face-off versus Matt Stajan in Capitals zone.
4:09 of 2nd period - Shot by Patrik Elias.
4:09 of 2nd period - Shot Blocked by Kimmo Timonen.
5:13 of 2nd period - Shot by Jordin Tootoo.
5:13 of 2nd period - Shot Blocked by Douglas Murray.
5:15 of 2nd period - Shot by Radek Martinek.
5:15 of 2nd period - Deflect By Jordin Tootoo.
5:15 of 2nd period - Shot Misses the Net.
5:17 of 2nd period - Shot by Jordin Tootoo.
5:17 of 2nd period - Shot Misses the Net.
5:19 of 2nd period - Shot by Andreas Lilja.
5:19 of 2nd period - Shot Misses the Net.
5:21 of 2nd period - Shot by Andreas Lilja.
5:21 of 2nd period - Shot Blocked by Willie Mitchell.
5:23 of 2nd period - Shot by Radek Martinek.
5:23 of 2nd period - Stopped by Jimmy Howard with a rebound.
5:49 of 2nd period - Icing by Greg Zanon.
5:50 of 2nd period - Vernon Fiddler wins face-off versus David Desharnais in MapleLeafs zone.
5:52 of 2nd period - Icing by Drew Doughty.
5:53 of 2nd period - David Desharnais wins face-off versus Travis Moen in MapleLeafs zone.
6:32 of 2nd period - Icing by Taylor Hall.
6:33 of 2nd period - Adam Hall wins face-off versus David Desharnais in Capitals zone.
6:33 of 2nd period - Mike Grier is hit by Marc Methot and loses puck.
6:56 of 2nd period - Shot by Ryane Clowe.
6:56 of 2nd period - Goal by Ryane Clowe - Capitals : 2 - MapleLeafs : 3.
6:57 of 2nd period - Matt Stajan wins face-off versus Patrik Elias in neutral zone.
7:02 of 2nd period - Kyle Cumiskey is hit by Alexander Ovechkin and loses puck.
7:20 of 2nd period - Minor Penalty to Matt Greene for Close Hand On Puck.
7:21 of 2nd period - Ryane Clowe wins face-off versus Vernon Fiddler in MapleLeafs zone.
8:56 of 2nd period - Shot by Alexei Kovalev.
8:56 of 2nd period - Stopped by Ryan Miller without a rebound.
8:57 of 2nd period - Vernon Fiddler wins face-off versus Taylor Hall in MapleLeafs zone.
9:11 of 2nd period - Icing by Mike Green.
9:12 of 2nd period - Taylor Hall wins face-off versus Vincent Lecavalier in Capitals zone.
9:45 of 2nd period - Shot by Patrik Elias.
9:45 of 2nd period - Shot Misses the Net.
10:33 of 2nd period - Minor Penalty to Evgeni Malkin for Hooking.
10:34 of 2nd period - Vernon Fiddler wins face-off versus Matt Stajan in MapleLeafs zone.
10:44 of 2nd period - Icing by Willie Mitchell.
10:45 of 2nd period - Vernon Fiddler wins face-off versus Matt Stajan in Capitals zone.
11:35 of 2nd period - Icing by Alexander Ovechkin.
11:36 of 2nd period - Vernon Fiddler wins face-off versus David Desharnais in Capitals zone.
11:37 of 2nd period - Shot by Patrick Marleau.
11:37 of 2nd period - Shot Blocked by Mike Green.
12:45 of 2nd period - Shot by Alexander Semin.
12:45 of 2nd period - Shot Blocked by Matt Greene.
12:54 of 2nd period - Minor Penalty to Trent Hunter for Hooking.
12:55 of 2nd period - Vincent Lecavalier wins face-off versus Jeff Halpern in Capitals zone.
13:04 of 2nd period - Shot by Drew Doughty.
13:04 of 2nd period - Shot Blocked by Mike Green.
13:08 of 2nd period - Shot by Patrik Elias.
13:08 of 2nd period - Stopped by Jimmy Howard without a rebound.
13:09 of 2nd period - Jordin Tootoo wins face-off versus Jeff Halpern in Capitals zone.
13:26 of 2nd period - Shot by Brian Gionta.
13:26 of 2nd period - Shot Misses the Net.
13:28 of 2nd period - Shot by Kris Versteeg.
13:28 of 2nd period - Deflect By Brian Gionta.
13:28 of 2nd period - Shot Misses the Net.
13:30 of 2nd period - Shot by Jordin Tootoo.
13:30 of 2nd period - Stopped by Jimmy Howard without a rebound.
13:31 of 2nd period - Jeff Halpern wins face-off versus Vincent Lecavalier in Capitals zone.
13:40 of 2nd period - Mike Green is hit by Evgeni Malkin and loses puck.
13:57 of 2nd period - Shot by Drew Doughty.
13:57 of 2nd period - Stopped by Jimmy Howard with a rebound.
13:59 of 2nd period - Shot by Evgeni Malkin.
13:59 of 2nd period - Shot Misses the Net.
14:01 of 2nd period - Shot by Vincent Lecavalier.
14:01 of 2nd period - Stopped by Jimmy Howard without a rebound.
14:02 of 2nd period - Jordin Tootoo wins face-off versus David Desharnais in Capitals zone.
14:05 of 2nd period - Shot by Radek Martinek.
14:05 of 2nd period - Shot Misses the Net.
14:09 of 2nd period - Shot by Brian Gionta.
14:09 of 2nd period - Shot Blocked by Willie Mitchell.
14:11 of 2nd period - Shot by Kyle Cumiskey.
14:11 of 2nd period - Shot Misses the Net.
14:13 of 2nd period - Shot by Radek Martinek.
14:13 of 2nd period - Deflect By Brian Gionta.
14:13 of 2nd period - Stopped by Jimmy Howard without a rebound.
14:14 of 2nd period - David Desharnais wins face-off versus Jordin Tootoo in Capitals zone.
14:35 of 2nd period - Shot by Drew Doughty.
14:35 of 2nd period - Shot Blocked by Kimmo Timonen.
14:37 of 2nd period - Shot by Drew Doughty.
14:37 of 2nd period - Shot Blocked by Mike Green.
14:39 of 2nd period - Shot by Radek Martinek.
14:39 of 2nd period - Shot Blocked by Kimmo Timonen.
14:41 of 2nd period - Shot by Kris Versteeg.
14:41 of 2nd period - Goal by Kris Versteeg - Capitals : 2 - MapleLeafs : 4.
14:41 of 2nd period - Mike Smith enters game.
14:42 of 2nd period - David Desharnais wins face-off versus Vernon Fiddler in neutral zone.
14:42 of 2nd period - Minor Penalty to Travis Moen for Tripping.
14:43 of 2nd period - Adam Hall wins face-off versus Matt Stajan in MapleLeafs zone.
14:56 of 2nd period - Patrick Marleau is hit by Ryane Clowe and loses puck.
15:45 of 2nd period - Shot by Alexander Semin.
15:45 of 2nd period - Stopped by Ryan Miller with a rebound.
15:47 of 2nd period - Shot by Alexander Ovechkin.
15:47 of 2nd period - Shot Misses the Net.
15:49 of 2nd period - Shot by Tomas Fleischmann.
15:49 of 2nd period - Stopped by Ryan Miller with a rebound.
15:51 of 2nd period - Shot by Mike Green.
15:51 of 2nd period - Stopped by Ryan Miller without a rebound.
15:52 of 2nd period - Alexander Ovechkin wins face-off versus Adam Hall in MapleLeafs zone.
16:01 of 2nd period - Shot by Tomas Fleischmann.
16:01 of 2nd period - Stopped by Ryan Miller without a rebound.
16:02 of 2nd period - Vernon Fiddler wins face-off versus Matt Stajan in MapleLeafs zone.
16:35 of 2nd period - Adam Hall is hit by Ryane Clowe and loses puck.
16:49 of 2nd period - Radek Martinek is hit by Trent Hunter.
17:11 of 2nd period - Shot by Jordin Tootoo.
17:11 of 2nd period - Stopped by Mike Smith with a rebound.
17:13 of 2nd period - Shot by Mike Grier.
17:13 of 2nd period - Shot Blocked by Trent Hunter.
17:26 of 2nd period - Minor Penalty to Marc Methot for Cross-checking.
17:27 of 2nd period - Jeff Halpern wins face-off versus Vincent Lecavalier in Capitals zone.
18:20 of 2nd period - Alexander Semin is hit by Vincent Lecavalier and loses puck.
19:30 of 2nd period - Off-side.
19:31 of 2nd period - David Desharnais wins face-off versus Vernon Fiddler in neutral zone.
19:31 of 2nd period - David Desharnais is hit by John Mitchell.
19:37 of 2nd period - Shot by Taylor Hall.
19:37 of 2nd period - Deflect By David Desharnais.
19:37 of 2nd period - Shot Misses the Net.
19:39 of 2nd period - Shot by Taylor Hall.
19:39 of 2nd period - Stopped by Ryan Miller without a rebound.
19:40 of 2nd period - Vernon Fiddler wins face-off versus Matt Stajan in MapleLeafs zone.

Period #3

0:01 of 3rd period - Matt Stajan wins face-off versus Vincent Lecavalier in neutral zone.
0:01 of 3rd period - Alexander Ovechkin is hit by Vincent Lecavalier and loses puck.
0:20 of 3rd period - Shot by Ryane Clowe.
0:20 of 3rd period - Stopped by Ryan Miller without a rebound.
0:21 of 3rd period - Jeff Halpern wins face-off versus Patrik Elias in MapleLeafs zone.
0:42 of 3rd period - Shot by Jeff Halpern.
0:42 of 3rd period - Shot Blocked by Matt Greene.
0:44 of 3rd period - Shot by Jeff Halpern.
0:44 of 3rd period - Stopped by Ryan Miller without a rebound.
0:45 of 3rd period - David Desharnais wins face-off versus Adam Hall in MapleLeafs zone.
2:01 of 3rd period - Shot by Vincent Lecavalier.
2:01 of 3rd period - Stopped by Mike Smith without a rebound.
2:02 of 3rd period - Jeff Halpern wins face-off versus Kris Versteeg in Capitals zone.
2:07 of 3rd period - Brian Gionta is hit by Alexander Semin and loses puck.
2:12 of 3rd period - Shot by Tomas Fleischmann.
2:12 of 3rd period - Shot Blocked by Matt Greene.
2:14 of 3rd period - Shot by Tomas Fleischmann.
2:14 of 3rd period - Shot Misses the Net.
3:26 of 3rd period - Shot by Ryane Clowe.
3:26 of 3rd period - Shot Misses the Net.
4:25 of 3rd period - Shot by Taylor Hall.
4:25 of 3rd period - Deflect By Trent Hunter.
4:25 of 3rd period - Shot Blocked by Radek Martinek.
4:27 of 3rd period - Shot by Ryan McDonagh.
4:27 of 3rd period - Stopped by Ryan Miller without a rebound.
4:28 of 3rd period - Patrik Elias wins face-off versus Alexei Kovalev in MapleLeafs zone.
4:28 of 3rd period - Patrik Elias is hit by Alexander Ovechkin.
4:34 of 3rd period - Alexander Ovechkin is hit by Kris Versteeg and loses puck.
4:58 of 3rd period - Patrik Elias is hit by Steve Eminger and loses puck.
5:17 of 3rd period - Icing by Kyle Cumiskey.
5:18 of 3rd period - Jeff Halpern wins face-off versus Brian Gionta in MapleLeafs zone.
6:20 of 3rd period - Taylor Hall is hit by Andreas Lilja and loses puck.
6:21 of 3rd period - Minor Penalty to Andreas Lilja for Roughing.
6:22 of 3rd period - David Desharnais wins face-off versus Vernon Fiddler in MapleLeafs zone.
6:27 of 3rd period - Shot by Tomas Fleischmann.
6:27 of 3rd period - Stopped by Ryan Miller with a rebound.
6:29 of 3rd period - Shot by Mike Green.
6:29 of 3rd period - Stopped by Ryan Miller without a rebound.
6:30 of 3rd period - Matt Stajan wins face-off versus Vernon Fiddler in MapleLeafs zone.
7:02 of 3rd period - Drew Doughty is hit by Ryane Clowe and loses puck.
7:45 of 3rd period - Minor Penalty to Alexander Ovechkin for Holding Stick.
7:46 of 3rd period - Vincent Lecavalier wins face-off versus David Desharnais in Capitals zone.
7:49 of 3rd period - Shot by Vincent Lecavalier.
7:49 of 3rd period - Shot Misses the Net.
8:26 of 3rd period - Evgeni Malkin is hit by Mike Green and loses puck.
9:27 of 3rd period - Shot by Kris Versteeg.
9:27 of 3rd period - Shot Misses the Net.
10:35 of 3rd period - Off-side.
10:36 of 3rd period - Patrik Elias wins face-off versus Jeff Halpern in neutral zone.
10:38 of 3rd period - Brian Gionta is hit by Douglas Murray and loses puck.
10:47 of 3rd period - Shot by Jeff Halpern.
10:47 of 3rd period - Stopped by Ryan Miller without a rebound.
10:48 of 3rd period - Vernon Fiddler wins face-off versus Matt Stajan in MapleLeafs zone.
11:08 of 3rd period - Icing by Mike Green.
11:09 of 3rd period - Patrik Elias wins face-off versus Matt Stajan in Capitals zone.
11:12 of 3rd period - Shot by Patrik Elias.
11:12 of 3rd period - Shot Hit the Post.
11:14 of 3rd period - Shot by Kris Versteeg.
11:14 of 3rd period - Shot Misses the Net.
11:23 of 3rd period - Patrik Elias is hit by Mike Green and loses puck.
11:37 of 3rd period - Minor Penalty to Kimmo Timonen for High sticking.
11:38 of 3rd period - David Desharnais wins face-off versus Vincent Lecavalier in Capitals zone.
11:38 of 3rd period - David Desharnais is hit by Vincent Lecavalier.
12:09 of 3rd period - Shot by Drew Doughty.
12:09 of 3rd period - Stopped by Mike Smith without a rebound.
12:10 of 3rd period - Jeff Halpern wins face-off versus Jordin Tootoo in Capitals zone.
12:10 of 3rd period - Jeff Halpern is hit by Jordin Tootoo.
13:00 of 3rd period - Shot by Evgeni Malkin.
13:00 of 3rd period - Shot Hit the Post.
13:02 of 3rd period - Shot by Vincent Lecavalier.
13:02 of 3rd period - Shot Misses the Net.
13:06 of 3rd period - Shot by Patrick Marleau.
13:06 of 3rd period - Shot Misses the Net.
13:10 of 3rd period - Shot by Patrick Marleau.
13:10 of 3rd period - Shot Misses the Net.
13:12 of 3rd period - Shot by Vincent Lecavalier.
13:12 of 3rd period - Shot Misses the Net.
13:14 of 3rd period - Shot by Patrik Elias.
13:14 of 3rd period - Shot Misses the Net.
13:50 of 3rd period - Shot by David Desharnais.
13:50 of 3rd period - Shot Hit the Post.
13:57 of 3rd period - Travis Moen is hit by Trent Hunter and loses puck.
14:35 of 3rd period - Alexander Semin is hit by Matt Greene and loses puck.
14:36 of 3rd period - Minor Penalty to Matt Greene for Roughing.
14:37 of 3rd period - Adam Hall wins face-off versus Matt Stajan in MapleLeafs zone.
14:37 of 3rd period - Adam Hall is hit by Ryane Clowe.
14:38 of 3rd period - Minor Penalty to Ryane Clowe for Hooking.
14:39 of 3rd period - Vincent Lecavalier wins face-off versus Matt Stajan in Capitals zone.
15:02 of 3rd period - Shot by Brian Gionta.
15:02 of 3rd period - Shot Misses the Net.
16:20 of 3rd period - Shot by Drew Doughty.
16:20 of 3rd period - Stopped by Mike Smith without a rebound.
16:21 of 3rd period - Tomas Fleischmann wins face-off versus Patrick Marleau in Capitals zone.
16:21 of 3rd period - Tomas Fleischmann is hit by Evgeni Malkin.
16:35 of 3rd period - Shot by Tomas Fleischmann.
16:35 of 3rd period - Shot Misses the Net.
17:35 of 3rd period - Icing by Vincent Lecavalier.
17:36 of 3rd period - Jeff Halpern wins face-off versus Vincent Lecavalier in MapleLeafs zone.
17:43 of 3rd period - Shot by Ryane Clowe.
17:43 of 3rd period - Shot Misses the Net.
17:47 of 3rd period - Shot by Tomas Fleischmann.
17:47 of 3rd period - Stopped by Ryan Miller without a rebound.
17:48 of 3rd period - Patrik Elias wins face-off versus Jeff Halpern in MapleLeafs zone.
17:48 of 3rd period - Patrik Elias is hit by Alexander Semin.
17:58 of 3rd period - Shot by Alexander Semin.
17:58 of 3rd period - Shot Misses the Net.
18:00 of 3rd period - Shot by Douglas Murray.
18:00 of 3rd period - Shot Misses the Net.
18:04 of 3rd period - Shot by Taylor Hall.
18:04 of 3rd period - Deflect By Jeff Halpern.
18:04 of 3rd period - Goal by Jeff Halpern - Capitals : 3 - MapleLeafs : 4.
18:05 of 3rd period - Jeff Halpern wins face-off versus Vincent Lecavalier in neutral zone.
18:09 of 3rd period - Jeff Halpern is hit by Drew Doughty and loses puck.
18:20 of 3rd period - Shot by Tomas Fleischmann.
18:20 of 3rd period - Stopped by Ryan Miller without a rebound.
18:21 of 3rd period - Kris Versteeg wins face-off versus Matt Stajan in MapleLeafs zone.
18:21 of 3rd period - Kris Versteeg is hit by Ryane Clowe.
18:37 of 3rd period - Shot by Kris Versteeg.
18:37 of 3rd period - Shot Blocked by Mike Green.
18:39 of 3rd period - Shot by Matt Greene.
18:39 of 3rd period - Shot Misses the Net.
19:11 of 3rd period - Shot by Jordin Tootoo.
19:11 of 3rd period - Stopped by Mike Smith with a rebound.
19:29 of 3rd period - Shot by Andreas Lilja.
19:29 of 3rd period - Stopped by Mike Smith with a rebound.
19:31 of 3rd period - Shot by Andreas Lilja.
19:31 of 3rd period - Stopped by Mike Smith without a rebound.
19:32 of 3rd period - Alexander Semin wins face-off versus Patrick Marleau in Capitals zone.
19:39 of 3rd period - Capitals, Mike Smith is pulled from the net.
19:48 of 3rd period - Off-side.
19:49 of 3rd period - Patrick Marleau wins face-off versus Alexander Semin in neutral zone.
19:51 of 3rd period - Minor Penalty to Douglas Murray for Tripping.
19:52 of 3rd period - Mike Smith from Capitals was sent back in the game.
19:52 of 3rd period - Alexander Semin wins face-off versus Vincent Lecavalier in Capitals zone.


Output by the SimonT Hockey Simulator (STHS) for Stephane Roy -- Original Page W3C XHTML 1.0 Valid